 Dungeon Crawl Stone Soup version 0.17-a0-155-g14e20c2 (webtiles) character file.

1325 Tabbe the Fighter (level 8, -5/80 HPs)
             Began as an Ogre Monk on Mar 25, 2015.
             Was a Priest of Okawaru.
             Shot with an arrow by a centaur (18 damage)
             ... on level 6 of the Dungeon.
             The game lasted 00:07:43 (5335 turns).

Tabbe the Fighter (Ogre Monk)                       Turns: 5335, Time: 00:07:43

Health: -5/80      AC:  5    Str: 17      XL:     8   Next: 60%
Magic:  8/8        EV: 12    Int:  9      God:    Okawaru [***...]
Gold:   160        SH:  0    Dex: 13 (14) Spells: 0 memorised, 7 levels left

rFire  + . .     SeeInvis .     l - +2 mace (venom)
rCold  + . .     Clarity  .     p - +0 robe
rNeg   . . .     SustAb   .     (no shield)
rPois  .         Gourm    .     (helmet restricted)
rElec  .         Spirit   .     q - +1 cloak
rCorr  .         Warding  .     (gloves unavailable)
rMut   .         Stasis   .     (boots unavailable)
MR     .....                    (no amulet)
Stlth  ++........               v - ring of protection from cold
                                e - ring of protection from fire

@: not resistant to hostile enchantments, unstealthy
A: unfitting armour, blurry vision 1, frail 1, tough skin 1, evolution 1
a: Heroism, Renounce Religion


You were on level 6 of the Dungeon.
You worshipped Okawaru.
Okawaru was most pleased with you.
You were not hungry.

You visited 1 branch of the dungeon, and saw 6 of its levels.

You collected 160 gold pieces.

Inventory:

Hand weapons
 i - a +0 club
 j - a +1 short sword of venom (quivered)
 l - a +2 mace of venom (weapon)
 o - a +0 giant club
Armour
 a - a +0 robe
 p - a +0 robe (worn)
 q - a +1 cloak (worn)
Jewellery
 e - a ring of protection from fire (left hand)
 v - a ring of protection from cold (right hand)
Magical devices
 x - a wand of frost (23)
Scrolls
 g - 3 scrolls of identify
 h - 5 scrolls of remove curse
 m - a scroll of amnesia {unknown}
 n - 2 scrolls of magic mapping {unknown}
 r - a scroll of enchant weapon {unknown}
 s - a scroll of noise {unknown}
 t - a scroll of fog {unknown}
 w - a scroll of teleportation
Potions
 k - a potion of ambrosia {unknown}
 u - a potion of restore abilities {unknown}
Comestibles
 b - 2 meat rations
 c - a beef jerky
 f - 6 bread rations
 z - 3 chunks of flesh


   Skills:
 + Level 8.7 Fighting
 + Level 7.3 Maces & Flails
 + Level 6.1 Dodging
 - Level 1.5 Stealth
 - Level 3.6 Unarmed Combat


You had 7 spell levels left.
You didn't know any spells.

Dungeon Overview and Level Annotations

Branches:
Dungeon (6/15)             Temple (0/1) D:5

Altars:
Ashenzari
Gozag
Nemelex Xobeh
Okawaru
Sif Muna
Trog
Zin

Shops:
D:5 [


Innate Abilities, Weirdness & Mutations

You are too large for most types of armour.
You have tough skin (AC +1).
Scrolls take you a little longer to read.
You are frail (-10% HP).
You evolve.


Message History

This raw flesh tastes terrible.
You continue eating. x2
You start resting.
You feel like a meek peon again.
You start resting.
A centaur comes into view.
A centaur is nearby!
You are too injured to fight recklessly!
You are too injured to fight recklessly!
You are too injured to fight recklessly!
The centaur shouts!
The centaur wields a shortbow.
The centaur shoots an arrow.
The arrow hits you!
* * * LOW HITPOINT WARNING * * *
You see here an arrow.
Drink which item? (? for menu, Esc to quit)
You feel better.
The centaur shoots an arrow.
The arrow barely misses you.
Unknown command.
Read which item? (? for menu, Esc to quit)
The centaur shoots an arrow.
The arrow hits you!!
You die...

#.# #. #. #.# #.#
#.###)####.######
##..#.....#......##
..................######
###....................#
#)...................#
#...........)........#
#..)..).....†.@......#
###.....c...(.(........#
.....................(.#
##.#...................#
#.##.....#.......#....#
# ............#..#....
##.####.......... .. ..
##..##(....#. ###
##.##.###.


You could see a centaur.

Vanquished Creatures
  The ghost of Tabbe the Cudgeler, an average OgBe of Trog (D:3)
  A sky beast (D:5)
  A black bear (D:6)
  2 centaurs
  2 ogres
  A phantom (D:4)
  A goliath beetle (D:3)
  A crimson imp (D:5)
  2 hounds (D:4)
  A quasit (D:6)
  4 worker ants
  4 orc wizards
  3 adders
  A giant mite (D:4)
  6 worms
  An adder skeleton (D:6)
  3 giant geckos
  2 oozes
  8 orcs
  5 ball pythons
  11 bats
  12 hobgoblins
  7 jackals
  7 kobolds
  3 quokkas
  7 giant cockroaches
  8 giant newts
  14 goblins
  12 rats
131 creatures vanquished.

Vanquished Creatures (others)
  A sky beast (D:6)
1 creature vanquished.

Grand Total: 132 creatures vanquished

Notes
Turn   | Place    | Note
--------------------------------------------------------------
     0 | D:1      | Tabbe, the Ogre Monk, began the quest for the Orb.
     0 | D:1      | Reached XP level 1. HP: 24/24 MP: 1/1
    67 | D:1      | Reached XP level 2. HP: 6/33 MP: 2/2
   692 | D:1      | Reached XP level 3. HP: 30/40 MP: 3/3
  1015 | D:2      | Reached skill level 1 in Maces & Flails
  1362 | D:2      | Reached skill level 5 in Fighting
  1362 | D:2      | Reached XP level 4. HP: 33/50 MP: 4/4
  1668 | D:2      | Found a bloodstained altar of Trog.
  1679 | D:2      | Found an iron altar of Okawaru.
  1682 | D:2      | Became a worshipper of Warmaster Okawaru
  1682 | D:2      | Acquired Okawaru's first power
  2283 | D:3      | Noticed Tabbe's ghost (average OgBe)
  2798 | D:3      | Killed Tabbe's ghost
  2798 | D:3      | Reached XP level 5. HP: 58/59 MP: 5/5
  2867 | D:3      | Reached skill level 6 in Fighting
  2867 | D:3      | Reached XP level 6. HP: 22/67 MP: 6/6
  3540 | D:4      | Found an opulent altar of Gozag.
  3542 | D:4      | Found a shattered altar of Ashenzari.
  3603 | D:4      | Found a sparkling altar of Nemelex Xobeh.
  3604 | D:4      | Found a deep blue altar of Sif Muna.
  3772 | D:4      | Reached XP level 7. HP: 42/76 MP: 7/7
  3872 | D:4      | Reached skill level 5 in Maces & Flails
  4029 | D:4      | Reached skill level 7 in Fighting
  4405 | D:5      | Entered Level 5 of the Dungeon
  4453 | D:5      | Found Pnint's Armour Boutique.
  4456 | D:5      | Found a staircase to the Ecumenical Temple.
  4486 | D:5      | Reached skill level 5 in Dodging
  4490 | D:5      | Gained mutation: You evolve. [mutagenic meat]
  4491 | D:5      | Gained mutation: Scrolls take you a little longer to read. [mutagenic meat]
  4492 | D:5      | Gained mutation: You are frail (-10% HP). [mutagenic meat]
  4678 | D:5      | Found a glowing silver altar of Zin.
  4833 | D:5      | Reached XP level 8. HP: 47/79 MP: 5/8
  4923 | D:5      | Reached skill level 8 in Fighting
  5335 | D:6      | Shot with an arrow by a centaur

Action                   |  1- 3 |  4- 6 |  7- 9 || total
-------------------------+-------+-------+-------++-------
Melee: Unarmed           |    82 |       |       ||    82
       Short sword       |     6 |       |       ||     6
       Mace              |    40 |   141 |   147 ||   328
Invok: Heroism           |       |     2 |     3 ||     5
  Use: Potion            |       |     5 |     3 ||     8
       Scroll            |       |     5 |     1 ||     6
 Stab: Sleeping          |     2 |     4 |     1 ||     7
  Eat: Chunk             |     1 |     4 |     7 ||    12
       Bread ration      |       |     1 |       ||     1
       Pizza             |       |       |     1 ||     1
